 Dungeon Crawl Stone Soup version 0.27.1-2-g3b301248ec (webtiles) character file.

Game seed: 11633189784376487173

1187 Destapler the Cudgeller (level 8, -2/118 HPs)
             Began as a Troll Berserker on Sept 24, 2021.
             Was a Priest of Trog.
             Slain by a gnoll (9 damage)
             ... on level 5 of the Dungeon.
             The game lasted 00:06:45 (3549 turns).

Destapler the Cudgeller (Troll Berserker)           Turns: 3549, Time: 00:06:47

Health: -2/118     AC:  6    Str: 40    XL:     8   Next: 19%
Magic:  7/7        EV: 10    Int:  3    God:    Trog [***...]
Gold:   182        SH:  0    Dex:  9    Spells: 7/7 levels left

rFire    . . .     SeeInvis .   l - +2 whip (flame)
rCold    . . .     Faith    .   (no shield)
rNeg     . . .     Spirit   .   g - +1 robe {Will+}
rPois    .         Reflect  .   (helmet restricted)
rElec    .         Harm     .   i - +0 cloak
rCorr    .         Rampage  .   (gloves unavailable)
Will     +++..                  (boots unavailable)
Stlth    ..........             (no amulet)
HPRegen  2.29/turn              f - +6 ring of strength
MPRegen  0.10/turn              v - +6 ring of strength

@: berserking, lethally poisoned (-2 -> -4), strong-willed, regenerating, very
quick
A: large, unfitting armour, claws 3, regeneration 1, shaggy fur 1, tough skin 1
a: Renounce Religion, Berserk, Trog's Hand


You were on level 5 of the Dungeon.
You worshipped Trog.
Trog was most pleased with you.
You visited 1 branch of the dungeon, and saw 5 of its levels.

You collected 182 gold pieces.

Inventory:

Hand Weapons
 a - a +0 mace
 l - a +2 whip of flaming (weapon)
Missiles
 m - 8 boomerangs (quivered)
Armour
 b - a +0 animal skin
 g - a +1 robe of willpower (worn)
 i - a +0 cloak (worn)
Jewellery
 f - a +6 ring of strength (left claw)
 o - a +4 ring of protection
 v - a +6 ring of strength (right claw)
Wands
 x - a wand of flame (13)
Scrolls
 c - 5 scrolls of identify {unknown}
 d - a scroll of enchant armour {unknown}
 e - 2 scrolls of fear {unknown}
 h - a scroll of torment {unknown}
 j - a scroll of teleportation {unknown}
 k - 2 scrolls of amnesia {unknown}
 n - a scroll of immolation {unknown}
 s - a scroll of blinking {unknown}
 u - a scroll of enchant weapon {unknown}
Potions
 p - a potion of attraction {unknown}
 q - 2 potions of degeneration {unknown}
 r - a potion of curing
 t - 2 potions of brilliance {unknown}
 w - a potion of heal wounds {unknown}


   Skills:
 + Level 4.7 Fighting
 + Level 5.2 Maces & Flails
 + Level 3.9 Throwing
 + Level 4.8 Dodging


You had 7 spell levels left.
You didn't know any spells.
Your spell library contained the following spells:

 Spells                   Type           Power      Damage    Failure   Level
 Alistair's Intoxication  Tmut/Pois      0%         N/A       100%        5
 Borgnjor's Vile Clutch   Necr/Erth      0%         N/A       100%        5
 Eringya's Noxious Bog    Tmut/Pois      0%         N/A       100%        6


Dungeon Overview and Level Annotations

Branches:
Dungeon (5/15)
 Temple: D:4-7

Altars:
Dithmenos
Fedhas
Uskayaw
Beogh

Annotations:
D:2 1 runed translucent door, Crazy Yiuf


Innate Abilities, Weirdness & Mutations

You are too large for most types of armour.
You have claws for hands.
Your natural rate of healing is unusually fast.
You are covered in fur. (AC +1)
You have tough skin. (AC +1)


Message History

Duvessa is almost dead.
You feel very sick.
Unknown command.
You hit Duvessa. You burn Duvessa.
You kill Duvessa!
Trog accepts your kill.
You hear a distant wail of despair.
You feel sick.
The gnoll sergeant completely misses you.
The gnoll hits you with a +0 flail.
* * * LOW HITPOINT WARNING * * *
The gnoll hits you from afar with a +0 halberd!
* * * LOW HITPOINT WARNING * * *
The ice beast hits you.
* * * LOW HITPOINT WARNING * * *
The ice beast freezes you.
* * * LOW HITPOINT WARNING * * *
The gnoll throws a poisoned dart.
The poisoned dart hits you.
You are more poisoned.
You are too injured to fight recklessly!
Unknown command.
You are too injured to fight recklessly!
Unknown command.
You are too injured to fight recklessly!
Unknown command.
You are too injured to fight recklessly!
You feel very sick. The gnoll sergeant misses you.
You are too injured to fight recklessly!
You are too injured to fight recklessly!
You are too injured to fight recklessly!
You are too injured to fight recklessly!
You are too injured to fight recklessly!
You are too injured to fight recklessly!
You whack the gnoll! You burn the gnoll.
The gnoll is almost dead.
You feel very sick. The gnoll hits you with a +0 flail!
* * * LOW HITPOINT WARNING * * *
The gnoll hits you with a +0 halberd!
You die...

........#
........# ..
#.......#.###..
#......?#......
#.......#......
#.....$.#......
#.....ggg......
###....@)......
......g.Y......
........#......
.......†#......
........#......
........#.#####
........#.#
######..#.#
##.#.#


You could see an ice beast, a gnoll sergeant and 3 gnolls.

Vanquished Creatures
  Pikel (D:2)
  Duvessa (D:5)
  A water moccasin (D:5)
  3 scorpions
  5 orc priests
  A hound skeleton (D:4)
  Robin (D:2)
  6 adders
  A gnoll (D:1)
  2 worms
  10 orcs
  6 endoplasms
  2 giant cockroaches
  11 goblins
  8 hobgoblins
  2 jackals (D:3)
  A quokka (D:4)
  6 ball pythons
  6 bats
  3 frilled lizards
  4 kobolds
  7 rats
88 creatures vanquished.

Vanquished Creatures (others)
  3 fungi
  2 plants (D:4)
5 creatures vanquished.

Grand Total: 93 creatures vanquished

Notes
Turn   | Place    | Note
-------+----------+-------------------------------------------
     0 | D:1      | Destapler the Troll Berserker began the quest for the Orb.
     0 | D:1      | Reached XP level 1. HP: 22/22 MP: 0/0
   126 | D:1      | Found a faded altar of an unknown god.
   238 | D:1      | Reached XP level 2. HP: 22/29 MP: 1/1
   286 | D:1      | Reached skill level 3 in Maces & Flails
   977 | D:2      | Reached XP level 3. HP: 33/36 MP: 2/2
  1053 | D:2      | Reached ** piety under Trog
  1121 | D:2      | Reached XP level 4. HP: 45/45 MP: 3/3
  1145 | D:2      | Found a shadowy altar of Dithmenos.
  1262 | D:2      | Noticed Robin
  1286 | D:2      | Killed Robin
  1287 | D:2      | Reached skill level 1 in Throwing
  1379 | D:2      | Found a runed translucent door.
  1380 | D:2      | Noticed Crazy Yiuf
  1852 | D:3      | Reached XP level 5. HP: 49/53 MP: 4/4
  2041 | D:3      | Reached *** piety under Trog
  2714 | D:4      | Found a blossoming altar of Fedhas.
  2732 | D:4      | Noticed a lemure
  2736 | D:4      | Noticed a lemure
  2737 | D:4      | Noticed a lemure
  2739 | D:4      | Noticed Pikel
  2748 | D:4      | Noticed a lemure
  2811 | D:2      | Killed Pikel
  2812 | D:2      | Reached skill level 4 in Maces & Flails
  2812 | D:2      | Reached XP level 6. HP: 50/62 MP: 5/5
  2812 | D:2      | Reached XP level 7. HP: 56/70 MP: 6/6
  2920 | D:4      | Found a hide-covered altar of Uskayaw.
  3167 | D:4      | Reached skill level 5 in Maces & Flails
  3277 | D:5      | Entered Level 5 of the Dungeon
  3532 | D:5      | Noticed Duvessa
  3540 | D:5      | Reached XP level 8. HP: 63/79 MP: 7/7
  3547 | D:5      | Killed Duvessa
  3549 | D:5      | Slain by a gnoll

Illustrated notes

Levels and vault maps discovered:
D:1:      co_arrival_random_square_maze, layout_loops_corners,
          dreamdust_ecumenical_altar_hidden_monk_grotto, minmay_tromino_v7
D:2:      layout_basic, basic_altar, uniq_robin, uniq_crazy_yiuf_cottage
D:3:      layout_rooms, serial_co_window_serial, co_window_corner_a,
          co_window_corner_a, co_window_of_opportunity_a, co_window_paths_b,
          co_window_of_opportunity_a, co_window_corner_cb, co_window_broadway_b,
          co_window_2corner, co_window_unsneaky_path_a, co_window_paths_c,
          co_window_cross_4, glass_columns_a, glass_columns_c, glass_columns_b,
          glass_columns_a, glass_columns_a, kennysheep_orc_chapel
D:4:      layout_rooms, fedhas_altar_3,
          nicolae_uskayaw_murder_on_the_dancefloor, uniq_pikel
D:5:      layout_basic, minmay_temple_entry_fiery, uniq_prince_ribbit1,
          uniq_duvessa

Skill      XL: |  1  2  3  4  5  6  7 |
---------------+----------------------+-----
Maces & Flails | 3 4 5 |  5.2
Fighting       | 3 4 |  4.7
Dodging        | 3 4 |  4.8
Throwing       | 1 3 |  3.9

Action                   |  1- 3 |  4- 6 |  7- 9 || total
-------------------------+-------+-------+-------++-------
Melee: Mace              |    82 |   149 |       ||   231
       Whip              |       |       |    64 ||    64
Throw: Boomerang         |       |     4 |       ||     4
Invok: Berserk           |     1 |     6 |     2 ||     9
       Trog's Hand       |       |     2 |     2 ||     4
  Use: Potion            |       |     3 |       ||     3
 Stab: Sleeping          |       |     1 |       ||     1
Armor: Animal skin       |    46 |    83 |       ||   129
       Robe              |       |       |    34 ||    34
Dodge: Dodged            |    42 |    98 |    45 ||   185
